 Dungeon Crawl Stone Soup version 0.31.0-32-g396128a36d (webtiles) character file.

Game seed: 15758940664969100981

31763 PaiMei the Black Sun (level 13, -8/103 HPs)
             Began as a Demonspawn Necromancer on Apr 17, 2024.
             Was a High Priest of Kikubaaqudgha.
             Mangled by a white ugly thing (35 damage)
             ... in an ice cave.
             The game lasted 00:32:07 (22284 turns).

PaiMei the Black Sun (Demonspawn Necromancer)      Turns: 22284, Time: 00:32:07

Health: -8/103     AC:  8    Str:  9    XL:     13   Next: 27%
Magic:  24/36      EV: 21    Int: 20    God:    Kikubaaqudgha [*****.]
Gold:   851        SH:  0    Dex: 14    Spells: 16/33 levels left

rFire   + . .        c - +4 flail of Inawn {elec, rF+}
rCold   . . .        (no shield)
rNeg    . . .        w - +0 troll leather armour
rPois   .            (helmet restricted)
rElec   .            I - +1 cloak
rCorr   .            h - +0 pair of gloves
SInv    .            W - +1 pair of boots {rampage}
Will    .....        (no amulet)
Stlth   ++           M - ring of magical power
HPRegen 1.17/turn    r - +5 ring of evasion
MPRegen 0.25/turn

%: rampage
@: no status effects
A: claws 1, horns 1, ignite blood 2, demonic magic 2, weakness stinger 1
a: Renounce Religion, Unearth Wretches, Torment


You were in an ice cave.
You worshipped Kikubaaqudgha.
Kikubaaqudgha was extremely pleased with you.
You visited 3 branches of the dungeon, and saw 16 of its levels.
You also visited: Ice Cave.

You collected 851 gold pieces.

Inventory:

Hand Weapons
 c - the +4 flail of Inawn (weapon) {elec, rF+}
   (You found it on level 7 of the Dungeon)

   rF+:       It protects you from fire.
 F - a +2 long sword of draining
 G - a +2 war axe of flaming
 N - the +5 spear of the Skies Above {drain, Str+3}
   (You found it on level 1 of the Lair of Beasts)

   Str+3:     It affects your strength (+3).
Missiles
 e - 4 curare-tipped darts
 x - 36 poisoned darts (quivered)
 D - 8 throwing nets
 V - 4 atropa-tipped darts
Armour
 h - a +0 pair of gloves (worn)
 i - an orb of mayhem
 q - an orb of energy
 w - a +0 troll leather armour (worn)
 y - a +0 scale mail of fire resistance
 A - the +4 scale mail "Xaabad" {rCorr Int+6 Slay-2}
   (You found it on level 9 of the Dungeon)

   Int+6:     It affects your intelligence (+6).
   Slay-2:    It affects your accuracy & damage with ranged weapons and melee
   (-2).
   rCorr:     It protects you from acid and corrosion.
 I - a +1 cloak (worn)
 J - an orb of guile
 W - a +1 pair of boots of rampaging (worn)
Jewellery
 o - a +6 ring of dexterity
 r - a +5 ring of evasion (right hand)
 M - a ring of magical power (left hand)
 Q - a ring of fire
 S - a ring of protection from cold
 U - a ring of protection from cold
Wands
 a - a wand of digging (3)
 R - a wand of charming (2)
 T - a wand of iceblast (8)
Scrolls
 d - 3 scrolls of enchant armour
 f - 3 scrolls of revelation
 g - a scroll of immolation {unknown}
 j - 3 scrolls of blinking
 k - 4 scrolls of enchant weapon
 l - 2 scrolls of silence
 p - 2 scrolls of amnesia
 s - 4 scrolls of teleportation
 t - a scroll of vulnerability {unknown}
 u - 4 scrolls of fog
 v - a scroll of brand weapon {unknown}
 B - 2 scrolls of noise {unknown}
 K - 2 scrolls of acquirement
 L - 3 scrolls of fear {unknown}
 P - a scroll of poison {unknown}
Potions
 b - 5 potions of magic
 m - 3 potions of curing
 n - a potion of berserk rage {unknown}
 z - a potion of heal wounds {unknown}
 C - a potion of enlightenment {unknown}
 H - 2 potions of cancellation
 O - a potion of ambrosia {unknown}


   Skills:
 - Level 10.1 Fighting
 + Level 4.6 Maces & Flails
 + Level 10.8 Dodging
 - Level 2.3 Stealth
 + Level 10.9 Spellcasting
 + Level 13.3 Necromancy


You had 16 spell levels left.
You knew the following spells:

 Your Spells              Type           Power      Damage    Failure   Level
a - Necrotise             Necr           100%       1d9       1%          1
b - Vampiric Draining     Necr           59%        2d10      1%          3
c - Animate Dead          Necr           59%        N/A       1%          4
d - Curse of Agony        Necr           59%        N/A       1%          5
e - Dispel Undead         Necr           59%        3d21      1%          4

Your spell library contained the following spells:

 Spells                   Type           Power      Damage    Failure   Level
 Sublimation of Blood     Necr           59%        N/A       1%          2
 Fugue of the Fallen      Necr           59%        N/A       1%          3
 Cigotuvi's Dreadful Rot  Necr/Alch/Air  56%        N/A       2%          2
 Anguish                  Hex/Necr       18%        N/A       6%          4
 Martyr's Knell           Necr/Summ      37%        N/A       6%          4
 Freeze                   Ice            40%        1d6       9%          1
 Summon Small Mammal      Summ           40%        N/A       9%          1
 Ensorcelled Hibernation  Hex/Ice        20%        N/A       14%         2
 Mercury Vapours          Alch/Air       20%        N/A       14%         2
 Call Canine Familiar     Summ           10%        N/A       26%         3
 Frozen Ramparts          Ice            20%        1d4       26%         3
 Hailstorm                Conj/Ice       10%        3d6       26%         3
 Mephitic Cloud           Conj/Alch/Air  10%        N/A       26%         3
 Ozocubu's Armour         Ice            10%        N/A       26%         3
 Passwall                 Erth           10%        N/A       26%         3
 Swiftness                Air            10%        N/A       26%         3
 Cause Fear               Hex            5%         N/A       65%         4
 Manifold Assault         Tloc           10%        N/A       65%         4
 Summon Blazeheart Golem  Fire/Summ      10%        N/A       65%         4
 Fireball                 Conj/Fire      5%         3d5       94%         5
 Freezing Cloud           Conj/Ice/Air   5%         6-21      94%         5
 Dragon's Call            Summ           5%         N/A       100%        9


Dungeon Overview and Level Annotations

Branches:
Dungeon (12/15)            Temple (1/1) D:5            Lair (3/5) D:10
    Orc (0/2) D:11          IceCv (1/1)
  Swamp: Lair:2-3    Shoals: Lair:2-3     Snake: Lair:2-3    Spider: Lair:2-3

Altars:
Ashenzari
Cheibriados
Dithmenos
Fedhas
Gozag
Hepliaklqana
Kikubaaqudgha
Makhleb
Nemelex Xobeh
Okawaru
Qazlal
Ru
Sif Muna
Trog
Uskayaw
Vehumet
Wu Jian
Xom
Yredelemnul

Shops:
D:6 :

Annotations:
D:3 1 transporter, LukeNinja's ghost, weakling GnRe
D:4 Dowan; Duvessa
D:6 2 transporters, Menkaure
Lair:2 1 runed translucent door


Innate Abilities, Weirdness & Mutations

You have sharp fingernails.
You have a pair of small horns on your head.
Your demonic aura often causes spilled blood to erupt in flames.
Spells you cast may paralyse nearby enemies.
You have a small tail.


Message History

You start resting.
Magic restored.
A white ugly thing and a freezing wraith come into view.
Casting: Dispel Undead (safe; 1% risk of failure)
Confirm with . or Enter, or press ? or * to list all spells.
You can't see any susceptible monsters within range! (Use Z to cast anyway.)
The white ugly thing misses you.
Casting: Dispel Undead (safe; 1% risk of failure)
Confirm with . or Enter, or press ? or * to list all spells.
You can't see any susceptible monsters within range! (Use Z to cast anyway.)
You barely miss the white ugly thing. The white ugly thing barely misses you.
The white ugly thing bites you! The white ugly thing freezes you!!
Casting: Dispel Undead (safe; 1% risk of failure)
Confirm with . or Enter, or press ? or * to list all spells.
Aiming: Curse of Agony (mildly dangerous; 1% risk of failure)
Press: ? - help, Shift-Dir - straight line, f - white ugly thing
Aim: a white ugly thing (chance to affect: 83%)
The white ugly thing barely resists.
Malevolent energies surge around you. The white ugly thing misses you.
Casting: Curse of Agony (mildly dangerous; 1% risk of failure)
Confirm with . or Enter, or press ? or * to list all spells.
Aiming: Dispel Undead (safe; 1% risk of failure)
Press: ? - help, Shift-Dir - straight line, f - freezing wraith, p - white ugly thing
Aim: a freezing wraith (100% to hit)
The freezing wraith is dispelled!!!
Malevolent energies surge around you.
The freezing wraith suddenly stops moving!
The white ugly thing bites you! The white ugly thing freezes you!!
* * * LOW HITPOINT WARNING * * *
Casting: Dispel Undead (safe; 1% risk of failure)
Confirm with . or Enter, or press ? or * to list all spells.
Aiming: Vampiric Draining (safe; 1% risk of failure)
Press: ? - help, Shift-Dir - straight line, f - white ugly thing, p - freezing wraith
Aim: a white ugly thing You draw life force from the white ugly thing!
You feel life coursing into your body. Malevolent energies surge around you.
The white ugly thing bites you!
* * * LOW HITPOINT WARNING * * *
The white ugly thing freezes you!!
You die...
Kikubaaqudgha rasps: "You have failed me!
Welcome... death!"

#####
##...##
#...@○#
##..#Wu#
##...##..#
##...## #.#
##...## ..#
#...## #..#
##..## ..#
#..######
#..
##.###...##


You could see a white ugly thing and a freezing wraith (paralysed).

Vanquished Creatures
  An ice dragon (Lair:3)
  Fannar (Lair:2)
  Harold (Lair:2)
  Erica (Lair:2)
  3 boulder beetles
  4 two-headed ogres
  Sonja (Lair:2)
  A deep elf pyromancer (D:9)
  An ugly thing (D:9)
  A cyclops (D:11)
  6 elephants (Lair:2)
  A black mamba (Lair:2)
  A gargoyle (D:11)
  2 kobold demonologists
  5 cane toads
  Maggie (D:7)
  6 komodo dragons
  A rime drake (Lair:3)
  A freezing wraith (IceCv)
  2 unseen horrors
  4 trolls
  A polar bear (Lair:3)
  7 blink frogs
  4 dream sheep
  A black mamba zombie (Lair:2)
  A shadow (D:10)
  2 vampires
  3 wyverns
  2 wraiths
  23 yaks
  2 basilisks
  A human (Lair:2)
  6 vampire mosquitoes
  2 death yak simulacra (IceCv)
  A harpy simulacrum (IceCv)
  An acid dragon (D:9)
  3 water moccasins
  3 cane toad zombies
  A swamp drake (D:11)
  3 black bears
  2 ogres
  4 orc warriors
  A centaur (D:9)
  3 wolves (Lair:2)
  3 kobold brigands
  A phantom (D:5)
  7 bullfrogs
  A gnoll sergeant (D:9)
  2 wyvern zombies
  2 scorpions (D:5)
  A komodo dragon zombie (Lair:2)
  3 cane toad simulacra (IceCv)
  A wight (D:8)
  2 yak zombies (D:11)
  2 elephant simulacra (IceCv)
  9 killer bees
  An electric eel (D:8)
  2 howler monkeys (D:11)
  A wolf zombie (Lair:1)
  3 gnoll boudas
  A human zombie (Lair:2)
  2 bombardier beetles
  3 orc priests
  2 hounds (D:5)
  3 sleepcaps
  2 iguanas (D:5)
  13 orc wizards
  A polar bear simulacrum (IceCv)
  2 troll simulacra (IceCv)
  A wolf simulacrum (IceCv)
  Robin (D:4)
  20 gnolls
  10 adders
  A naga simulacrum (IceCv)
  2 shadow imps
  6 ufetubi
  3 dart slugs
  49 orcs
  5 ball pythons
  2 endoplasms
  A giant cockroach (D:1)
  11 goblins
  10 hobgoblins
  4 jackals
  13 kobolds
  3 quokkas
  5 bats
  4 frilled lizards
  7 rats
350 creatures vanquished.

Vanquished Creatures (collateral kills)
  A deep elf pyromancer (D:9)
  A cane toad (Lair:1)
  A rime drake (Lair:2)
  A polar bear (Lair:3)
  A wyvern (D:10)
  A vampire (D:10)
  3 yaks
  An acid dragon (D:11)
  A wolf (Lair:1)
  A bullfrog (Lair:1)
  2 wights (D:8)
  3 gnolls (D:9)
  5 orcs
  An endoplasm (D:1)
  A frilled lizard (D:3)
24 creatures vanquished.

Vanquished Creatures (others)
  A two-headed ogre zombie (D:9)
  3 yak zombies
  A basilisk zombie (D:10)
5 creatures vanquished.

Grand Total: 379 creatures vanquished

Notes
Turn   | Place    | Note
-------+----------+-------------------------------------------
     0 | D:1      | PaiMei the Demonspawn Necromancer began the quest for the
                  | Orb.
     0 | D:1      | Reached XP level 1. HP: 13/13 MP: 3/3
   162 | D:1      | Discovered your monstrous ancestry.
   162 | D:1      | Gained mutation: You have a small tail. [demonic ancestry]
   162 | D:1      | Reached XP level 2. HP: 19/19 MP: 3/5
   654 | D:1      | Gained mutation: Your demonic aura sometimes causes spilled
                  | blood to erupt in flames. [demonic ancestry]
   654 | D:1      | Reached XP level 3. HP: 24/24 MP: 3/6
  1248 | D:2      | Found a faded altar of an unknown god.
  2073 | D:3      | Gained mutation: You have sharp fingernails. [demonic
                  | ancestry]
  2073 | D:3      | Reached XP level 4. HP: 31/31 MP: 4/7
  2145 | D:3      | Reached skill level 1 in Fighting
  2145 | D:3      | Reached skill level 5 in Necromancy
  2261 | D:3      | Found a transporter.
  2262 | D:3      | Noticed LukeNinja's ghost (weakling GnRe)
  2265 | D:3      | Noticed an ogre
  2652 | D:3      | Learned a level 3 spell: Vampiric Draining
  2657 | D:3      | Learned a level 4 spell: Animate Dead
  2834 | D:4      | Reached XP level 5. HP: 37/37 MP: 6/9
  3967 | D:4      | Noticed Robin
  3998 | D:4      | Killed Robin
  3999 | D:4      | Gained mutation: Your demonic aura often causes spilled
                  | blood to erupt in flames. [demonic ancestry]
  3999 | D:4      | Reached XP level 6. HP: 44/44 MP: 6/11
  4887 | D:4      | Noticed Duvessa
  4887 | D:4      | Noticed Dowan
  4946 | D:5      | Entered Level 5 of the Dungeon
  5188 | D:5      | Reached skill level 6 in Necromancy
  5188 | D:5      | Gained mutation: Spells you cast may paralyse adjacent
                  | enemies. [demonic ancestry]
  5188 | D:5      | Reached XP level 7. HP: 47/52 MP: 2/12
  5490 | D:5      | Found a staircase to the Ecumenical Temple.
  5503 | Temple   | Entered the Ecumenical Temple
  5529 | Temple   | Became a worshipper of Kikubaaqudgha
  6476 | D:6      | Noticed Menkaure
  6821 | D:6      | Reached XP level 8. HP: 46/60 MP: 5/15
  6998 | D:6      | Noticed a troll
  7002 | D:6      | Found Syoket's Book Shop.
  7123 | D:6      | Found a transporter.
  7123 | D:6      | Found a transporter.
  7171 | D:6      | Noticed a deep elf knight
  7296 | D:6      | Noticed a kobold demonologist
  7406 | D:6      | Reached skill level 7 in Necromancy
  7767 | D:7      | Reached skill level 5 in Spellcasting
  7862 | D:7      | Identified the +4 flail of Inawn {elec, rF+}
  7878 | D:7      | Reached skill level 5 in Dodging
  8321 | D:7      | Reached * piety under Kikubaaqudgha
  8321 | D:7      | Received a gift from Kikubaaqudgha
  8328 | D:7      | Noticed Maggie
  8339 | D:7      | Killed Maggie
  8340 | D:7      | Reached skill level 5 in Fighting
  8656 | D:7      | Reached XP level 9. HP: 59/68 MP: 0/17
  8713 | D:7      | Killed an unseen horror
  8714 | D:7      | Reached skill level 8 in Necromancy
  9848 | D:8      | Noticed a komodo dragon
  9894 | D:8      | Killed a komodo dragon
  9998 | D:8      | Found a burning altar of Makhleb.
 10400 | D:9      | Noticed a boulder beetle
 10750 | D:9      | Noticed a two-headed ogre
 10756 | D:9      | Killed a two-headed ogre
 10757 | D:9      | Reached skill level 9 in Necromancy
 10757 | D:9      | Reached XP level 10. HP: 77/77 MP: 16/20
 10804 | D:9      | Reached ** piety under Kikubaaqudgha
 10971 | D:9      | Noticed a two-headed ogre
 10979 | D:9      | Killed a two-headed ogre
 11132 | D:9      | Learned a level 5 spell: Curse of Agony
 11154 | D:9      | Noticed a deep elf pyromancer
 11410 | D:9      | Killed a deep elf pyromancer
 11416 | D:9      | Noticed a deep elf pyromancer
 11416 | D:9      | Noticed a green ugly thing
 11440 | D:8      | Killed a boulder beetle
 11756 | D:9      | Killed a green ugly thing
 12024 | D:9      | Killed a deep elf pyromancer
 12025 | D:9      | Reached skill level 10 in Necromancy
 12132 | D:9      | Identified the +4 scale mail "Xaabad" {rCorr Int+6 Slay-2}
 12240 | D:10     | Entered Level 10 of the Dungeon
 12318 | D:10     | Noticed a gargoyle
 12419 | D:10     | Found a staircase to the Lair.
 13263 | D:10     | Gained mutation: Spells you cast may paralyse nearby
                  | enemies. [demonic ancestry]
 13263 | D:10     | Reached XP level 11. HP: 69/86 MP: 23/23
 13840 | D:10     | Identified 2 scrolls of acquirement
 14356 | D:11     | Reached *** piety under Kikubaaqudgha
 14356 | D:11     | Received a gift from Kikubaaqudgha
 15044 | D:11     | Reached skill level 11 in Necromancy
 15212 | D:11     | Found a staircase to the Orcish Mines.
 15854 | D:11     | Learned a level 4 spell: Dispel Undead
 16616 | D:12     | Noticed a two-headed ogre
 16623 | D:12     | Killed a two-headed ogre
 16715 | D:12     | Noticed a two-headed ogre
 16723 | D:12     | Killed a two-headed ogre
 16727 | D:12     | Reached **** piety under Kikubaaqudgha
 17437 | D:12     | Reached XP level 12. HP: 90/97 MP: 16/25
 18096 | Lair:1   | Entered Level 1 of the Lair of Beasts
 18178 | Lair:1   | Identified the +5 spear of the Skies Above {drain, Str+3}
 18524 | Lair:1   | Reached skill level 10 in Fighting
 18656 | Lair:1   | Reached skill level 12 in Necromancy
 19390 | Lair:2   | Noticed Fannar
 19399 | Lair:2   | Killed Fannar
 19400 | Lair:2   | Reached skill level 1 in Maces & Flails
 19562 | Lair:2   | Found a transporter.
 19564 | Lair:2   | Found a transporter.
 19565 | Lair:2   | Noticed a boulder beetle
 19607 | Lair:2   | Reached skill level 10 in Spellcasting
 19613 | Lair:2   | Reached skill level 10 in Dodging
 19618 | Lair:2   | Noticed Sonja
 19770 | Lair:2   | Noticed a boulder beetle
 19784 | Lair:2   | Killed a boulder beetle
 19873 | Lair:2   | Noticed Erica
 19881 | Lair:2   | Killed Erica
 20011 | Lair:2   | Killed Sonja
 20518 | Lair:2   | Noticed Harold
 20531 | Lair:2   | Killed Harold
 20874 | Lair:2   | Gained mutation: You have a pair of small horns on your
                  | head. [demonic ancestry]
 20874 | Lair:2   | Reached XP level 13. HP: 103/103 MP: 27/27
 20874 | Lair:2   | Found a runed translucent door.
 20986 | Lair:2   | Reached skill level 13 in Necromancy
 21235 | Lair:3   | Found a frozen archway.
 21845 | IceCv    | Entered an ice cave
 22016 | IceCv    | Reached ***** piety under Kikubaaqudgha
 22284 | IceCv    | Mangled by a white ugly thing

Illustrated notes

Levels and vault maps discovered:
D:1:      dpeg_arrival_shelter, layout_rooms, nicolae_eternal_life
D:2:      layout_loops_ring, shapermc_ecumenical_altar_mp_vishouse
D:3:      layout_loops_ring, gammafunk_ghost_smash
D:4:      layout_layer_cave, uniq_duvessa, uniq_robin
D:5:      layout_basic, minmay_temple_entry_antechambers, serial_aquarium,
          aquarium_bridge_long_separate [aquarium_subvault_wall,
          aquarium_subvault_bridge, aquarium_subvault_bridge,
          aquarium_subvault_bridge, aquarium_subvault_window,
          aquarium_subvault_bridge], aquarium_window_1, aquarium_window_1,
          aquarium_window_1, aquarium_view_2b, aquarium_view_2d,
          reono_crystal_passage, nicolae_grassy_gnolls
D:6:      gammafunk_wand_slinger, layout_cave_pools, serial_shops,
          nicolae_shop_tiny_real_fake_doors, uniq_menkaure
D:7:      layout_layer_cave, uniq_maggie
D:8:      layout_rooms, mainiacjoe_overflow_concentric_impassable,
          nrook_pool_corridor
D:9:      minmay_bloctagon_deflated, layout_irregular_city
D:10:     layout_basic, david_lair_generic, dreamdust_wishing_well
D:11:     layout_irregular_city, erik_orc_1
D:12:     layout_grid_maze
Temple:   mainiacjoe_temple_trianglar_array
Lair:1:   layout_gridlike, serial_bayou_pond_b, ldierk_geyser
Lair:2:   gammafunk_boulding_lane, layout_concentric_octagons,
          pdpol_lair_cabin_in_the_woods, uniq_harold, uniq_sonja, uniq_fannar,
          uniq_erica
Lair:3:   layout_cave_shapes, nicolae_swamp_entry_spooky, spider_nest_entry_a,
          portal_ice_cave_entry_animals_and_master
IceCv:    ice_cave_small_necro

Skill      XL: |  1  2  3  4  5  6  7  8  9 10 11 12 13 |
---------------+----------------------------------------+-----
Stealth        | 2 |  2.3
Dodging        | 2 3 4 5 6 8 9 10 | 10.8
Fighting       | 1 2 3 4 5 6 8 9 10 | 10.1
Necromancy     | 5 6 7 9 10 11 12 13 | 13.3
Spellcasting   | 3 4 5 6 8 9 10 | 10.9
Maces & Flails | 3 4 |  4.6

Action                     |  1- 3 |  4- 6 |  7- 9 | 10-12 | 13-15 || total
---------------------------+-------+-------+-------+-------+-------++-------
  Melee: Whip              |     8 |     9 |       |       |       ||    17
         Tailslap          |     1 |     4 |    22 |    63 |     6 ||    96
         Short sword       |       |    30 |    93 |       |       ||   123
         Punch             |       |       |     2 |     8 |       ||    10
         Flail             |       |       |    54 |   272 |    34 ||   360
         Headbutt          |       |       |       |       |    11 ||    11
   Cast: Necrotise         |    64 |    98 |    94 |    52 |     3 ||   311
         Vampiric Draining |       |    11 |    60 |   142 |    25 ||   238
         Animate Dead      |       |       |     2 |    11 |     2 ||    15
         Curse of Agony    |       |       |       |    13 |     4 ||    17
         Dispel Undead     |       |       |       |     6 |    18 ||    24
    Use: Scroll            |       |       |       |    14 |       ||    14
         Potion            |       |       |       |     1 |       ||     1
   Stab: Paralysed         |       |       |    21 |    82 |    11 ||   114
         Distracted        |       |       |       |     1 |       ||     1
 Armour: Robe              |    12 |    25 |    78 |   157 |       ||   272
         Troll leather arm |       |       |       |    61 |    34 ||    95
  Dodge: Dodged            |    17 |    47 |   185 |   489 |    79 ||   817
